cohdb
Replays
Latest Replays
All Replays
Popular Replays
Top Player Replays
Match Explorer
How It Works
Community
CoH3 Stats
Reddit
Sign in to upload your games and track your stats! →
Sign in with Steam
Match 43619141
Unlisted
Match 43619141
Overview
Messages
Build Orders
End
Construct Weapon Support Center
M1919 Machine Gun Team
Bazooka Squad
Construct Barracks
Riflemen Squad
Riflemen Squad
Grenade Package
M1919 Machine Gun Team
Construct Medical Station
Infantry Support Center
Selects Heavy Weapons
Selects M2HB .50cal Heavy Machine Gun
Construct Motor Pool
M1 Anti-tank Gun Team
Selects Rapid Reposition
M24 Chaffee Light Tank
M1 Anti-tank Gun Team
Engineer Squad
Construct Tank Depot
Selects Assault Carriers
Selects Halftrack Strongpoints
M1 Anti-tank Gun Team
M4(105) Sherman Bulldozer
M18 Hellcat Tank Destroyer
Selects M26 Pershing Heavy Tank
M1 Anti-tank Gun Team
M1 Anti-tank Gun Team
M1919 Machine Gun Team
Engineer Squad
M26 Pershing Heavy Tank
Engineer Squad
Selects Black Dragon Artillery Barrage
BUBBA_ACTUAL
JollyRedRockett
combat0001
a small girl
0
0
Comments
sign in to comment!
No comments posted yet!